 Dungeon Crawl Stone Soup version 0.27-a0-1281-ge233d83751 (webtiles) character file.

Game seed: 16556879573684099875

1124 bande the Chopper (level 8, 0/49 HPs)
             Began as a Gargoyle Fighter on June 14, 2021.
             Was an Initiate of Okawaru.
             Slain by a wyvern (5 damage)
             ... on level 5 of the Dungeon.
             The game lasted 00:16:23 (7558 turns).

bande the Chopper (Gargoyle Fighter)                Turns: 7558, Time: 00:16:23

Health: 0/49       AC: 16    Str: 22    XL:     8   Next: 35%
Magic:  9/9        EV:  6    Int:  8    God:    Okawaru [......]
Gold:   268        SH: 10    Dex: 10    Spells: 7/7 levels left

rFire    . . .     SeeInvis .   a - +0 war axe
rCold    . . .     Faith    .   c - +0 kite shield
rNeg     + . .     Spirit   .   n - +0 chain mail
rPois    ∞         Reflect  .   (no helmet)
rElec    +         Harm     .   (no cloak)
rCorr    .         Rampage  .   (no gloves)
Will     +....                  h - +0 pair of boots
Stlth    ..........             (no amulet)
HPRegen  0.16/turn              e - ring of willpower
MPRegen  0.11/turn              (no ring)

@: no status effects
A: sickness immunity, AC +5, negative energy resistance 1, electricity
resistance, torment resistance 1, petrification resistance
a: Renounce Religion


You were on level 5 of the Dungeon.
You worshipped Okawaru.
Okawaru was noncommittal.
You visited 1 branch of the dungeon, and saw 5 of its levels.
You also visited: Ossuary.

You collected 268 gold pieces.

Inventory:

Hand Weapons
 a - a +0 war axe (weapon)
 f - a +0 mace of protection
 p - a +0 flail
 u - a +2 vorpal flail
Missiles
 B - 4 atropa-tipped darts (quivered)
Armour
 c - a +0 kite shield (worn)
 h - a +0 pair of boots (worn)
 n - a +0 chain mail (worn)
Jewellery
 e - a ring of willpower (left hand)
 k - an amulet of magic regeneration
Wands
 j - a wand of flame (8)
Scrolls
 b - a scroll of identify
 l - 2 scrolls of fog {unknown}
 s - 4 scrolls of enchant armour {unknown}
 v - a scroll of amnesia
 x - a scroll of brand weapon {unknown}
 y - 2 scrolls of teleportation
 z - 3 scrolls of enchant weapon {unknown}
Potions
 d - 3 potions of might
 g - 2 potions of haste
 i - 2 potions of flight
 m - a potion of curing
 q - a potion of resistance {unknown}
 r - 2 potions of attraction {unknown}
 t - 2 potions of mutation {unknown}
 w - a potion of lignification {unknown}
 A - a potion of degeneration {unknown}
 C - a potion of magic {unknown}


   Skills:
 + Level 5.0 Fighting
 + Level 5.7 Axes
 + Level 5.1 Armour
 - Level 1.2 Dodging
 + Level 5.3 Shields
 * Level 2.0 Invocations
 * Level 2.1 Evocations


You had 7 spell levels left.
You didn't know any spells.
Your spell library was empty.

Dungeon Overview and Level Annotations

Branches:
Dungeon (5/15)            Ossuary (visited)
 Temple: D:4-7

Altars:
Kikubaaqudgha
Okawaru
Uskayaw


Innate Abilities, Weirdness & Mutations

You are immune to sickness and miasma.
Your stone body is resilient. (AC +5)
You are immune to poison.
You resist negative energy. (rN+)
You are resistant to electric shocks. (rElec)
You are resistant to unholy torment.
You are immune to petrification.


Message History

The wyvern bites you. The wyvern bites you!
You are too injured to fight recklessly!
You are too injured to fight recklessly!
You are too injured to fight recklessly!
You are too injured to fight recklessly!
You are too injured to fight recklessly!
You hit the wyvern.
The wyvern is heavily wounded.
The wyvern bites you!
* * * LOW HITPOINT WARNING * * *
The wyvern closely misses you.
You closely miss the wyvern.
The wyvern is heavily wounded.
The wyvern barely misses you. You block the wyvern's attack.
You feel much better.
The wyvern bites you but does no damage. x2
You closely miss the wyvern.
The wyvern is heavily wounded.
You block the wyvern's attack.
The wyvern bites you but does no damage.
You hit the wyvern.
The wyvern is severely wounded.
The wyvern bites you. You block the wyvern's attack.
You slash the wyvern!
The wyvern is almost dead.
The wyvern barely misses you. The wyvern bites you!
You hit the wyvern but do no damage.
The wyvern is almost dead.
You block the wyvern's attack. The wyvern barely misses you.
You closely miss the wyvern.
The wyvern is almost dead.
You block the wyvern's attack. x2
You hit the wyvern but do no damage.
The wyvern is almost dead.
The wyvern closely misses you. The wyvern bites you!
* * * LOW HITPOINT WARNING * * *
You barely miss the wyvern.
The wyvern is almost dead.
You block the wyvern's attack. The wyvern bites you.
You die...

*,,,,.........#
#..#*########†### *
#..# #######.#.###
#..# #............
#..# #.#####.###..
#..# #.# ##..####.
#..# #.# #.#>#....
#.l# #.# ##..#.##.
#.@# #.# ##.#.#..
#..####.#####......
#.............#>...
#####...####.......
#.######.##.#.#
#..)..........+
#.>#####.##...#
#.....##.##.#..
#........##.#..


You could see a wyvern.

Vanquished Creatures
  Eustachio (D:4)
  Menkaure (D:4)
  Edmund (D:4)
  2 ogres (D:4)
  2 scorpions (D:5)
  An orc priest (D:2)
  2 centaur skeletons
  Natasha (thrice) (D:3)
  2 iguanas (D:5)
  An orc wizard (D:2)
  A mummy (Ossuary)
  6 gnolls
  4 adders
  An adder skeleton (D:5)
  A worm (D:2)
  A dart slug (D:4)
  4 orcs
  2 ball pythons (D:2)
  5 bats
  2 bat zombies (D:3)
  4 endoplasms
  3 giant cockroaches
  12 gnoll zombies (Ossuary)
  10 goblins
  13 hobgoblins
  4 jackals
  5 kobolds
  3 quokkas (D:2)
  5 bat simulacra (Ossuary)
  3 frilled lizards
  3 goblin simulacra (Ossuary)
  8 goblin zombies (Ossuary)
  3 hobgoblin zombies (Ossuary)
  5 kobold simulacra (Ossuary)
  2 kobold zombies (Ossuary)
  5 orc zombies (Ossuary)
  9 rats
  4 rat simulacra (Ossuary)
  A rat zombie (D:3)
  2 spectral goblins (Ossuary)
  5 spectral kobolds (Ossuary)
  5 spectral rats (Ossuary)
157 creatures vanquished.

Notes
Turn   | Place    | Note
-------+----------+-------------------------------------------
     0 | D:1      | bande the Gargoyle Fighter began the quest for the Orb.
     0 | D:1      | Reached XP level 1. HP: 14/14 MP: 1/1
   157 | D:1      | Reached XP level 2. HP: 11/19 MP: 2/2
   469 | D:1      | Reached XP level 3. HP: 10/23 MP: 3/3
  1107 | D:2      | Reached XP level 4. HP: 2/29 MP: 0/4
  1857 | D:2      | Reached XP level 5. HP: 30/33 MP: 5/5
  2468 | D:3      | Noticed Natasha
  3022 | D:3      | Killed Natasha
  3023 | D:3      | Reached XP level 6. HP: 30/38 MP: 6/6
  3122 | D:3      | Noticed Natasha
  3140 | D:3      | Killed Natasha
  3141 | D:3      | Reached skill level 1 in Dodging
  3443 | D:3      | Found a hide-covered altar of Uskayaw.
  3725 | D:3      | Noticed Natasha
  3732 | D:3      | Killed Natasha
  3733 | D:3      | Found an ancient bone altar of Kikubaaqudgha.
  3802 | D:4      | Noticed Eustachio
  4080 | D:4      | Killed Eustachio
  4233 | D:4      | Reached XP level 7. HP: 44/44 MP: 7/7
  4243 | D:4      | Found an iron altar of Okawaru.
  4253 | D:4      | Became a worshipper of Warmaster Okawaru
  4473 | D:4      | Noticed Menkaure
  4482 | D:4      | Killed Menkaure
  4483 | D:4      | Reached skill level 1 in Evocations
  4985 | D:4      | HP: 2/44 [ogre (21)]
  4991 | D:4      | Reached skill level 5 in Axes
  4991 | D:4      | Reached skill level 5 in Shields
  5570 | D:4      | Noticed Edmund
  5587 | D:4      | Killed Edmund
  5588 | D:4      | Reached skill level 5 in Armour
  5588 | D:4      | Reached skill level 1 in Invocations
  5588 | D:4      | Reached XP level 8. HP: 9/48 MP: 8/8
  6242 | D:5      | Entered Level 5 of the Dungeon
  6334 | D:5      | Found a sand-covered staircase.
  6341 | Ossuary  | Entered an ossuary
  6980 | D:5      | Reached skill level 5 in Fighting
  7543 | D:5      | Noticed a wyvern
  7558 | D:5      | Slain by a wyvern

Illustrated notes

Levels and vault maps discovered:
D:1:      heliophobic_arrival_dark_side_of_the_moon, layout_basic
D:2:      layout_rooms, minmay_increasing_density
D:3:      layout_rooms, lemuel_zombie_altar_kikubaaqudgha,
          overflow_temple_1_default, uniq_natasha
D:4:      layout_basic, okawaru_gym_becter, uniq_menkaure, uniq_edmund,
          uniq_eustachio
D:5:      layout_loops_ring, nicolae_ossuary_entry_plus

Skill      XL: |  1  2  3  4  5  6  7  8 |
---------------+-------------------------+-----
Axes           | 2 3 4 5 |  5.7
Armour         | 4 5 |  5.1
Fighting       | 4 5 |  5.0
Shields        | 4 5 |  5.3
Dodging        | 1 |  1.2
Evocations     | 1 2 |  2.1
Invocations    | 1 2 |  2.0

Action                   |  1- 3 |  4- 6 |  7- 9 || total
-------------------------+-------+-------+-------++-------
Melee: War axe           |    54 |   207 |   254 ||   515
  Use: Scroll            |     1 |     4 |     3 ||     8
       Potion            |       |     2 |     3 ||     5
Armor: Scale mail        |    53 |   121 |       ||   174
       Chain mail        |       |    80 |   123 ||   203
Dodge: Dodged            |    19 |    94 |    53 ||   166
Block: Kite shield       |    37 |   164 |   127 ||   328

Table legend: (Time is in decaauts)
 A = Elapsed time spent in this place.
 B = Non-inter-level travel time spent in this place.
 C = Inter-level travel time spent in this place.
 D = Time resting spent in this place.
 E = Time spent auto-exploring this place.
 F = Levels seen in this place.
 G = Mean time per level.
                   A        B        C        D        E       F      G
               +--------+--------+--------+--------+--------+-----+--------+
         Total |   7827 |   7775 |     52 |   3522 |   2656 |   6 | 1304.5 |
       Dungeon |   7146 |   7094 |     52 |   3514 |   2304 |   5 | 1429.2 |
       Ossuary |    681 |    681 |      0 |      8 |    352 |   1 |  681.0 |
               +--------+--------+--------+--------+--------+-----+--------+

Top non-repeatable levels by time:
     D:4: 2268 daAuts
     D:2: 2143 daAuts
     D:1: 1271 daAuts
     D:3: 744 daAuts
     D:5: 718 daAuts
 Ossuary: 681 daAuts
